 Dungeon Crawl Stone Soup version 0.29-a0-393-g47a863cc1b (webtiles) character file.

Game seed: 1807041975490534615

147495 trckry the Convoker (level 17, -13/185 HPs)
             Began as an Ogre Summoner on May 10, 2022.
             Was the Champion of Jiyva.
             Shot with an arrow by a naga sharpshooter (19 damage)
             ... led by Vashnia
             ... on level 4 of the Snake Pit on May 11, 2022.
             The game lasted 02:26:36 (24850 turns).

trckry the Convoker (Ogre Summoner)                Turns: 24850, Time: 02:26:36

Health: -13/185    AC: 11    Str: 22    XL:     17   Next: 17%
Magic:  6/35       EV: 12    Int: 36    God:    Jiyva [******]
Gold:   1382       SH:  8    Dex:  9    Spells: 17/44 levels left

rFire   . . .      SeeInvis .   V - +5 quarterstaff of Watchfulness {flame, rPois Will+ Str+4 Int+4}
rCold   + + +      Faith    .   (shield currently unavailable)
rNeg    . . .      Spirit   .   y - +1 steam dragon scales
rPois   +          Reflect  .   (helmet restricted)
rElec   .          Harm     .   J - +1 cloak of Coboivaf {rCorr Int+2 Stlth+}
rCorr   +          Rampage  .   (gloves unavailable)
Will    +++..                   (boots unavailable)
Stlth   +++.......              i - amulet of regeneration
HPRegen 2.80/turn               j - ring of willpower
MPRegen 0.74/turn               d - +6 ring of intelligence

@: studying Crossbows
A: large, unfitting armour, tough skin 1, hooves 2, large bone plates 3, clever
1, cold resistance 3, strong 1, eyeballs 2, gelatinous body 1, translucent skin
1, tendrils, jelly sensing items, jelly absorbing missiles, engulf
}: 1/15 runes: slimy
a: Renounce Religion, Oozemancy, Slimify


You were on level 4 of the Snake Pit.
You worshipped Jiyva.
Jiyva was exalted by your worship.
You visited 5 branches of the dungeon, and saw 30 of its levels.
You also visited: Gauntlet and Ice Cave.

You collected 1704 gold pieces.
You spent 322 gold pieces at shops.

Inventory:

Hand Weapons
 m - a +2 dagger of venom
 L - a +1 vorpal giant spiked club
 U - the +5 short sword of Spite {vorpal, Int+3}
   (You found it on level 6 of the Lair of Beasts)

   It inflicts extra damage upon your enemies.
   Int:       It affects your intelligence (+3).
 V - the +5 quarterstaff of Watchfulness (weapon) {flame, rPois Will+ Str+4 Int+4}
   (You found it on level 2 of the Snake Pit)

   It burns those it strikes, dealing additional fire damage.
   Str:       It affects your strength (+4).
   Int:       It affects your intelligence (+4).
   rPois:     It protects you from poison.
   Will:      It increases your willpower.
Missiles
 r - 489 stones
 s - 28 poisoned darts
 A - 2 throwing nets (quivered)
 I - 5 silver boomerangs
 K - 10 large rocks
Armour
 y - +1 steam dragon scales (worn)
 J - the +1 cloak of Coboivaf (worn) {rCorr Int+2 Stlth+}
   (You found it on level 2 of the Snake Pit)

   Int:       It affects your intelligence (+2).
   rCorr:     It protects you from acid and corrosion.
   Stlth:     It makes you more stealthy.
 X - the +1 ice dragon scales "Cumnil" {Fly rF- rC++ Str+4}
   (You found it on level 5 of the Pits of Slime)

   Str:       It affects your strength (+4).
   rF:        It makes you vulnerable to fire.
   rC:        It greatly protects you from cold.
   Fly:       It grants you flight.
Jewellery
 d - a +6 ring of intelligence (right hand)
 e - a ring of positive energy
 g - the ring of the Circus Animal {rPois Int+6}
   (You acquired it on level 1 of the Snake Pit)

   [ring of poison resistance]

   Int:       It affects your intelligence (+6).
   rPois:     It protects you from poison.
 i - an amulet of regeneration (around neck)
 j - a ring of willpower (left hand)
 t - a ring of protection from cold
 v - the amulet "Poakopn" {RegenMP Str-3 Int+4 SInv}
   (You found it in a Gauntlet)

   [amulet of magic regeneration]

   It increases your rate of magic regeneration.
   Str:       It affects your strength (-3).
   Int:       It affects your intelligence (+4).
   SInv:      It lets you see invisible.
 w - a ring of wizardry
 F - the ring "Cuiciwn" {rElec AC+4}
   (You found it in a Gauntlet)

   [ring of protection]

   AC:        It affects your AC (+4).
   rElec:     It insulates you from electricity.
 T - a ring of fire
 W - the amulet "Tonwaz" {RegenMP rC++ Int+4}
   (You found it on level 5 of the Pits of Slime)

   [amulet of magic regeneration]

   It increases your rate of magic regeneration.
   Int:       It affects your intelligence (+4).
   rC:        It greatly protects you from cold.
Wands
 k - a wand of paralysis (16)
 q - a wand of acid (7)
 z - a wand of digging (10)
 E - a wand of charming (19)
 G - a wand of iceblast (21)
 O - a wand of mindburst (21)
Scrolls
 c - 3 scrolls of identify
 h - a scroll of silence
 l - 6 scrolls of teleportation
 n - 2 scrolls of fog
 D - 2 scrolls of immolation
 M - a scroll of magic mapping
 N - 2 scrolls of enchant armour
 P - 2 scrolls of enchant weapon
Potions
 a - a potion of mutation
 b - 6 potions of magic
 f - 3 potions of lignification
 o - 4 potions of resistance
 p - 6 potions of ambrosia
 u - 8 potions of curing
 x - 4 potions of brilliance
 B - 3 potions of haste
 C - a potion of flight
 Y - a potion of invisibility
 Z - 2 potions of heal wounds
Miscellaneous
 H - a phial of floods
 R - a box of beasts
 S - a tin of tremorstones (2/2)


   Skills:
 + Level 15.7 Fighting
 * Level 3.7 Staves
 + Level 5.5 Armour
 + Level 5.5 Dodging
 - Level 1.4 Stealth
 + Level 14.3 Spellcasting
 * Level 19.8 Summonings
 + Level 7.4 Evocations


You had 17 spell levels left.
You knew the following spells:

 Your Spells              Type           Power      Damage    Failure   Level
c - Call Canine Familiar  Summ           100%       N/A       0%          3
d - Summon Lightning Spi  Summ/Air       77%        N/A       1%          4
e - Summon Hydra          Summ           53%        N/A       1%          7
f - Animate Armour        Summ/Erth      100%       N/A       1%          4
g - Dragon's Call         Summ           53%        N/A       41%         9

Your spell library contained the following spells:

 Spells                   Type           Power      Damage    Failure   Level
 Summon Small Mammal      Summ           100%       N/A       0%          1
 Call Imp                 Summ           100%       N/A       0%          2
 Magic Dart               Conj           100%       1d8       1%          1
 Summon Guardian Golem    Hex/Summ       77%        N/A       1%          3
 Summon Ice Beast         Ice/Summ       77%        N/A       1%          4
 Sublimation of Blood     Necr           25%        N/A       2%          2
 Wereblood                Tmut           25%        N/A       2%          2
 Dazzling Flash           Conj/Hex       50%        N/A       4%          3
 Frozen Ramparts          Ice            50%        1d7       4%          3
 Ignite Poison            Fire/Tmut/Pois 25%        N/A       4%          3
 Lesser Beckoning         Tloc           25%        N/A       4%          3
 Mephitic Cloud           Conj/Pois/Air  25%        N/A       4%          3
 Cause Fear               Hex            12%        N/A       16%         4
 Ice Form                 Ice/Tmut       25%        N/A       16%         4
 Iskenderun's Mystic Bla  Conj/Tloc      25%        2d7       16%         4
 Olgreb's Toxic Radiance  Pois           25%        N/A       16%         4
 Petrify                  Tmut/Erth      25%        N/A       16%         4
 Spellforged Servitor     Conj/Summ      38%        N/A       22%         7
 Blade Hands              Tmut           12%        N/A       38%         5
 Irradiate                Conj/Tmut      12%        3d17      38%         5
 Iskenderun's Battlesphe  Conj           25%        2d8       38%         5
 Manifold Assault         Tloc           25%        N/A       38%         5
 Dispersal                Tloc           12%        N/A       93%         6
 Iron Shot                Conj/Erth      12%        9d3       93%         6
 Starburst                Conj/Fire      12%        6d5       93%         6
 Dragon Form              Tmut           12%        N/A       100%        7
 Ozocubu's Refrigeration  Ice            12%        4d7       100%        7
 Disjunction              Tloc           12%        N/A       100%        8
 Ignition                 Fire           12%        3d6       100%        8


Dungeon Overview and Level Annotations

Branches:
Dungeon (13/15)            Temple (0/1) D:7            Lair (6/6) D:11
  Swamp (0/4) Lair:3        Snake (4/4) Lair:3        Slime (5/5) Lair:6
    Orc (2/2) D:9             Elf (0/3) Orc:2         IceCv (visited)
Gauntlet (visited)
 Vaults: D:13-14

Altars:
Ashenzari
Cheibriados
Dithmenos
Hepliaklqana
Kikubaaqudgha
Trog
Vehumet
Xom
Yredelemnul
Beogh
Jiyva

Shops:
D:6 (   D:7 :   D:10 =([   Orc:2 [(??

Annotations:
Snake:4 Vashnia
Slime:4 Dissolution
Slime:5 Royal Jelly
Orc:2 2 transporters, fragbeetle's ghost, journeyman DsGl


Innate Abilities, Weirdness & Mutations

You are too large for most types of armour.
You have tough skin. (AC +1)
You have hoof-like feet.
You are completely covered in large bone plates. (SH +8)
Your mind is acute. (Int +2)
Your flesh is almost immune to the effects of cold. (rC+++)
Your muscles are strong. (Str +2)
Your body has grown many eyes which may confuse attackers. (Acc +5)
Your rubbery body absorbs attacks. (AC +1, EV +1)
Your translucent skin slightly reduces your foes' accuracy. (Stealth+)
You are covered in slimy tendrils that may disarm your opponents.
You have a small jelly attached to you that senses nearby items.
You have a small jelly attached to you that may absorb projectiles.
Your melee attacks may engulf your foes in ooze.


Message History

r - Retreat! s - Stop attacking. g - Guard the area. f - Follow me.
Anything else - Cancel.
Gang up on whom?
Press: ? - help, Dir - move target, f - naga sharpshooter, p - Vashnia
Aim: a naga sharpshooter, wielding a +0 shortbow (catching its breath, ally target) Attack!
The naga sharpshooter shoots an arrow.
The arrow closely misses you. The arrow hits your eight-headed hydra!
Vashnia shoots an arrow.
The arrow hits your eight-headed hydra!!
You regained 3 hp, and now have 95/185 hp.
You swap places.
The naga sharpshooter shoots an arrow.
The arrow hits you.
Vashnia glares at her squad, motioning for silence.
Vashnia shoots an arrow.
The arrow hits you!!
You take 26 damage, and have 69/185 hp.
The naga sharpshooter spits poison at you.
The splash of poison hits your eight-headed hydra.
You regained 3 hp, and now have 72/185 hp.
The naga sharpshooter shoots an arrow.
The arrow hits your eight-headed hydra!!
Your eight-headed hydra bites the naga sharpshooter but does no damage.
Your eight-headed hydra bites the naga sharpshooter! x2
Your eight-headed hydra barely misses the naga sharpshooter.
Your eight-headed hydra bites the naga sharpshooter.
Your eight-headed hydra bites the naga sharpshooter!
Your eight-headed hydra barely misses the naga sharpshooter.
Your eight-headed hydra bites the naga sharpshooter!
You regained 2 hp, and now have 74/185 hp.
Vashnia shoots an arrow.
The arrow hits you!!
* * * LOW HITPOINT WARNING * * *
x2 The naga sharpshooter shoots an arrow.
The arrow hits your eight-headed hydra!!
Your eight-headed hydra dies!
Your eight-headed hydra's corpse disappears in a puff of smoke!
You take 33 damage, and have 41/185 hp.
Vashnia shoots an arrow.
The arrow hits you!!
* * * LOW HITPOINT WARNING * * *
x2 The naga sharpshooter casts a spell.
The naga sharpshooter magically shoots an arrow.
The arrow hits you!!
You die...

####N##.#.#
#...#N#...###
####........#
##.......##
##.........#
##.ND.......##
##........#...# .
###..###.##....##
####..####N#####@##
#....###.#.#####.#
...### ##.###....#
..## #)##..##.# ..#
N#######.# ..## #.
#..†.# ...# ..
##...## ..## #..
####.# ..# ##. ###


You could see Vashnia, a naga sharpshooter (ally target) and a friendly
eight-headed hydra (summoned).

Vanquished Creatures
  A hydra (Lair:4)
1 creature vanquished.

Vanquished Creatures (collateral kills)
  Saint Roka (Snake:4)
  The ghost of Soawkar the Warrior, an adept GrFi of Okawaru (Snake:2)
  A nagaraja (Snake:4)
  Aizul (Snake:2)
  A very ugly thing (IceCv)
  A minotaur (Gauntlet)
  7 hydras
  Harold (D:11)
  A salamander tyrant (Snake:4)
  4 catoblepae
  A boulder beetle (Lair:6)
  A ghost crab (Gauntlet)
  A caustic shrike simulacrum (IceCv)
  A centaur warrior (D:12)
  An ogre mage (Orc:1)
  The ghost of sirJeffrey23 the Cleaver, a novice HOMo of Beogh (D:8)
  8 anacondas
  10 death yaks (Lair:6)
  9 two-headed ogres
  12 naga warriors
  An orc high priest (Orc:2)
  4 shock serpents
  9 naga sharpshooters
  Lodul (D:13)
  5 salamander mystics
  2 naga ritualists (Snake:1)
  2 bog bodies (Lair:3)
  A lindwurm (Lair:6)
  8 orc knights
  A deep elf pyromancer (D:13)
  3 oklob plants (Lair:4)
  6 mana vipers
  19 salamanders
  An orc sorcerer (Snake:4)
  An ugly thing (D:11)
  2 cyclopes
  3 manticores
  A large abomination (Gauntlet)
  The ghost of domi the Conjurer, a novice DsWz of Gozag (D:7)
  2 guardian serpents
  2 moths of wrath (Snake:2)
  31 black mambas
  2 gargoyles
  18 naga magi
  7 cane toads
  An ice statue (Snake:1)
  An unseen horror (D:10)
  8 komodo dragons
  Psyche (D:9)
  A rime drake (Lair:6)
  A kobold demonologist (D:12)
  An efreet (D:13)
  2 anaconda simulacra (IceCv)
  9 trolls
  2 polar bears
  A hornet (D:10)
  A queen bee (D:11)
  14 blink frogs
  13 dream sheep
  5 shadows
  A wyvern (Lair:5)
  2 wraiths
  80 yaks
  A nameless horror (Lair:6)
  2 steam dragons
  7 wargs
  4 vampire mosquitoes (D:12)
  6 basilisks
  An acid dragon (D:11)
  A two-headed ogre zombie (D:9)
  A harpy simulacrum (IceCv)
  39 nagas
  14 water moccasins
  35 orc warriors
  A sky beast (D:7)
  2 alligator simulacra (IceCv)
  A black bear (Lair:4)
  An ettin simulacrum (IceCv)
  2 ice beasts
  6 small abominations (Gauntlet)
  A phantom (D:9)
  20 wolves
  13 ogres
  11 centaurs
  A kobold brigand (D:7)
  8 bullfrogs
  A spectral wyvern (D:8)
  2 gnoll sergeants
  7 necrophages
  3 scorpions
  11 wights
  A lindwurm simulacrum (IceCv)
  2 troll zombies (D:9)
  18 killer bees
  A jelly (Lair:1)
  4 electric eels
  6 howler monkeys
  2 hounds
  13 orc priests
  A centaur skeleton (D:8)
  2 gnoll shamans
  10 orc wizards
  7 hell rats (Lair:4)
  4 ogre zombies (D:9)
  A centaur simulacrum (D:8)
  A spectral howler monkey (D:8)
  15 gnolls
  6 adders
  2 ufetubi (D:5)
  A worm (D:5)
  38 orcs
  6 bats
  A giant cockroach (D:1)
  7 goblins
  6 hobgoblins
  4 jackals (D:5)
  9 kobolds
  2 quokkas
  2 ball pythons
  3 frilled lizards
  A goblin skeleton (D:9)
  2 goblin zombies (D:9)
  3 hobgoblin zombies (D:9)
  2 orc skeletons (D:9)
  9 orc zombies (D:9)
  3 rats
738 creatures vanquished.

Vanquished Creatures (others)
  A naga mage (Snake:3)
  A basilisk (D:13)
  A naga (Snake:3)
  2 orc warriors (Orc:2)
  A wolf (Lair:4)
  A necrophage (Lair:4)
  2 wights (D:9)
  A nameless horror (Lair:4)
  101 jellies
  2 orc wizards (Orc:1)
  An ogre zombie (D:9)
  An adder (D:2)
  3 gnolls
  A white imp (D:6)
  An endoplasm (D:2)
  17 orcs
  3 bats
  2 goblins (D:3)
  4 hobgoblins
  2 quokkas (D:1)
  2 ball pythons
  A frilled lizard (D:1)
  A kobold (D:1)
  8 orc zombies (D:9)
  2 bushes (Lair:6)
  4 demonic plants (Gauntlet)
  66 fungi
  115 plants
347 creatures vanquished.

Grand Total: 1086 creatures vanquished

Notes
Turn   | Place    | Note
-------+----------+-------------------------------------------
     0 | D:1      | trckry the Ogre Summoner began the quest for the Orb.
     0 | D:1      | Reached XP level 1. HP: 16/16 MP: 3/3
   218 | D:1      | Reached XP level 2. HP: 24/24 MP: 3/5
   254 | D:1      | Found a faded altar of an unknown god.
   262 | D:1      | Prayed at the altar of an unknown god.
   262 | D:1      | Became a worshipper of Jiyva Jonae the Shapeless
   262 | D:1      | Reached * piety under Jiyva
   320 | D:1      | Reached skill level 4 in Summonings
   690 | D:1      | Reached ** piety under Jiyva
   848 | D:1      | Learned a level 2 spell: Call Imp
   863 | D:2      | Reached XP level 3. HP: 20/31 MP: 4/7
  1078 | D:2      | Identified the +4 ring mail "Janumiri" {Dex+3}
  1225 | D:2      | Learned a level 3 spell: Call Canine Familiar
  1305 | D:3      | Found a snail-covered altar of Cheibriados.
  1327 | D:3      | Reached XP level 4. HP: 33/39 MP: 8/8
  1356 | D:3      | Reached *** piety under Jiyva
  1468 | D:3      | Gained mutation: Your flesh is heat resistant. (rF+)
                  | [Jiyva's grace]
  1468 | D:3      | Gained mutation: Your flesh is very heat resistant. (rF++)
                  | [Jiyva's grace]
  1468 | D:3      | Gained mutation: Your flesh is almost immune to the effects
                  | of heat. (rF+++) [Jiyva's grace]
  1468 | D:3      | Gained mutation: You have a beak for a mouth. [Jiyva's
                  | grace]
  2161 | D:4      | Reached **** piety under Jiyva
  2211 | D:4      | Noticed a scorpion
  2228 | D:4      | Killed a scorpion
  2229 | D:4      | Reached skill level 5 in Summonings
  2229 | D:4      | Reached XP level 5. HP: 30/45 MP: 8/10
  2743 | D:5      | Entered Level 5 of the Dungeon
  2765 | D:5      | Noticed an ogre
  2772 | D:5      | Killed an ogre
  2773 | D:5      | Reached XP level 6. HP: 53/53 MP: 12/12
  2797 | D:5      | Reached ***** piety under Jiyva
  2832 | D:5      | Noticed a water moccasin
  2849 | D:5      | Killed a water moccasin
  2850 | D:5      | Reached skill level 6 in Summonings
  2874 | D:5      | Found a radiant altar of Vehumet.
  2920 | D:5      | Reached skill level 5 in Spellcasting
  2920 | D:5      | Reached XP level 7. HP: 59/59 MP: 14/14
  3326 | D:5      | Reached skill level 7 in Summonings
  3354 | D:5      | Lost mutation: Your flesh is almost immune to the effects
                  | of heat. (rF+++) [Jiyva's grace]
  3354 | D:5      | Gained mutation: Your rubbery body absorbs attacks. (AC +1,
                  | EV +1) [Jiyva's grace]
  3354 | D:5      | Gained mutation: Your pliable body absorbs attacks. (AC +2,
                  | EV +2) [Jiyva's grace]
  3354 | D:5      | Gained mutation: Your gelatinous body deflects attacks. (AC
                  | +3, EV +3) [Jiyva's grace]
  3354 | D:5      | Gained mutation: You are agile. (Dex +2) [Jiyva's grace]
  3359 | D:5      | Identified the +5 halberd of Ono Aro {venom, rF+ Str-4
                  | Stlth+}
  3549 | D:5      | Learned a level 4 spell: Summon Lightning Spire
  3761 | D:6      | Reached skill level 1 in Fighting
  3839 | D:6      | Found Avvy Rom's Antique Weapon Boutique.
  3908 | D:6      | Reached XP level 8. HP: 72/72 MP: 12/15
  4222 | D:7      | Reached skill level 8 in Summonings
  4230 | D:7      | Found a basalt altar of Yredelemnul.
  4233 | D:7      | Found a shadowy altar of Dithmenos.
  4371 | D:7      | Found a staircase to the Ecumenical Temple.
  4466 | D:7      | Found Yceusm's Self-Improvement Boutique.
  4750 | D:7      | Reached skill level 9 in Summonings
  4750 | D:7      | Reached XP level 9. HP: 87/87 MP: 16/16
  4787 | D:7      | Reached skill level 5 in Fighting
  4826 | D:7      | Found a large runed translucent door.
  4826 | D:7      | Found a large runed translucent door.
  5027 | D:7      | Noticed domi's ghost (novice DsWz)
  5106 | D:7      | Killed domi's ghost
  5166 | D:8      | Found an ancient bone altar of Kikubaaqudgha.
  5184 | D:8      | Noticed a two-headed ogre
  5201 | D:8      | Killed a two-headed ogre
  5202 | D:8      | Reached skill level 5 in Dodging
  5202 | D:8      | Reached skill level 10 in Summonings
  5238 | D:8      | Found a runed translucent gate.
  5239 | D:8      | Found a runed translucent gate.
  5240 | D:8      | Found a runed translucent gate.
  5241 | D:8      | Noticed sirJeffrey23's ghost (novice HOMo)
  5373 | D:8      | Reached ****** piety under Jiyva
  5495 | D:8      | Lost mutation: You are agile. (Dex +2) [Jiyva's grace]
  5495 | D:8      | Lost mutation: Your flesh is very heat resistant. (rF++)
                  | [Jiyva's grace]
  5495 | D:8      | Lost mutation: Your flesh is heat resistant. (rF+) [Jiyva's
                  | grace]
  5495 | D:8      | Gained mutation: Your melee attacks may engulf your foes in
                  | ooze. [Jiyva's grace]
  5495 | D:8      | Gained mutation: You have sharp toenails. [Jiyva's grace]
  5495 | D:8      | Gained mutation: You have razor-sharp toenails. [Jiyva's
                  | grace]
  5495 | D:8      | Gained mutation: You have claws for feet. [Jiyva's grace]
  5748 | D:8      | Reached skill level 11 in Summonings
  5775 | D:8      | Reached XP level 10. HP: 90/96 MP: 12/17
  5838 | D:8      | Killed sirJeffrey23's ghost
  5875 | D:9      | Identified the +9 falchion of Eternity {drain, Stlth+}
  6005 | D:9      | Reached skill level 12 in Summonings
  6160 | D:9      | Noticed Psyche
  6172 | D:9      | Killed Psyche
  6244 | D:9      | Noticed a two-headed ogre
  6285 | D:9      | Killed a two-headed ogre
  6286 | D:9      | Reached skill level 13 in Summonings
  6486 | D:9      | Found a staircase to the Orcish Mines.
  6498 | D:9      | Reached XP level 11. HP: 102/102 MP: 15/18
  6754 | D:10     | Entered Level 10 of the Dungeon
  6988 | D:10     | Noticed a two-headed ogre
  7000 | D:10     | Killed a two-headed ogre
  7001 | D:10     | Reached skill level 14 in Summonings
  7066 | D:10     | Reached skill level 1 in Armour
  7301 | D:10     | Found Hoageus's Weapon Shop.
  7304 | D:10     | Found Tuzodir's Armour Emporium.
  7305 | D:10     | Found Koagh's Jewellery Emporium.
  7462 | D:10     | Lost mutation: You have claws for feet. [Jiyva's grace]
  7462 | D:10     | Gained mutation: You are agile. (Dex +2) [Jiyva's grace]
  7462 | D:10     | Gained mutation: You are very agile. (Dex +4) [Jiyva's
                  | grace]
  7462 | D:10     | Gained mutation: Your mind is acute. (Int +2) [Jiyva's
                  | grace]
  7462 | D:10     | Gained mutation: Your mind is very acute. (Int +4) [Jiyva's
                  | grace]
  7472 | D:10     | Found a broken altar of Ashenzari.
  7695 | D:10     | Found a shimmering altar of Xom.
  7696 | D:10     | Found a hazy altar of Hepliaklqana.
  7697 | D:10     | Noticed a two-headed ogre
  8237 | D:11     | Noticed a purple ugly thing
  8256 | D:11     | Noticed Harold
  8280 | D:11     | Killed Harold
  8332 | D:11     | Noticed a five-headed hydra
  8358 | D:10     | Killed a five-headed hydra
  8414 | D:11     | Found a staircase to the Lair.
  8434 | D:11     | Noticed a cyclops
  8450 | D:11     | Killed a cyclops
  8565 | D:11     | Killed a purple ugly thing
  8606 | D:11     | Noticed a brown ugly thing
  8606 | D:11     | Noticed a white ugly thing
  8607 | D:11     | Noticed a centaur warrior
  8623 | D:11     | Reached XP level 12. HP: 119/119 MP: 18/22
  9091 | D:11     | Learned a level 7 spell: Summon Hydra
  9197 | D:12     | Noticed a two-headed ogre
  9205 | D:12     | Killed a two-headed ogre
  9240 | D:12     | Noticed a centaur warrior
  9255 | D:12     | HP: 18/122 [centaur/arrow[a centaur warrior] (7)]
  9258 | D:12     | Killed a centaur warrior
  9530 | D:12     | Lost mutation: You have a beak for a mouth. [Jiyva's grace]
  9530 | D:12     | Lost mutation: You have razor-sharp toenails. [Jiyva's
                  | grace]
  9530 | D:12     | Lost mutation: Your gelatinous body deflects attacks. (AC
                  | +3, EV +3) [Jiyva's grace]
  9530 | D:12     | Gained mutation: You are covered in slimy tendrils that may
                  | disarm your opponents. [Jiyva's grace]
  9530 | D:12     | Gained mutation: Your gelatinous body deflects attacks. (AC
                  | +3, EV +3) [Jiyva's grace]
  9530 | D:12     | Gained mutation: You have a small jelly attached to you
                  | that senses nearby items. [Jiyva's grace]
  9530 | D:12     | Gained mutation: Your translucent skin slightly reduces
                  | your foes' accuracy. (Stealth+) [Jiyva's grace]
  9992 | D:12     | Noticed an eight-headed hydra
 10000 | D:12     | HP: 17/123 [eight-headed hydra (12)]
 10004 | D:12     | Killed an eight-headed hydra
 10497 | D:13     | Reached skill level 5 in Armour
 10530 | D:13     | Reached skill level 15 in Summonings
 10784 | D:13     | Noticed Lodul
 10801 | D:13     | Killed Lodul
 10802 | D:13     | Reached skill level 10 in Fighting
 10886 | D:13     | Noticed a four-headed hydra
 10895 | D:13     | Killed a four-headed hydra
 11090 | D:13     | Lost mutation: Your mind is very acute. (Int +4) [Jiyva's
                  | grace]
 11090 | D:13     | Lost mutation: Your gelatinous body deflects attacks. (AC
                  | +3, EV +3) [Jiyva's grace]
 11090 | D:13     | Lost mutation: Your translucent skin slightly reduces your
                  | foes' accuracy. (Stealth+) [Jiyva's grace]
 11090 | D:13     | Lost mutation: You are covered in slimy tendrils that may
                  | disarm your opponents. [Jiyva's grace]
 11090 | D:13     | Gained mutation: You passively dampen the noise of your
                  | surroundings. [Jiyva's grace]
 11090 | D:13     | Gained mutation: Your muscles are strong. (Str +2) [Jiyva's
                  | grace]
 11090 | D:13     | Gained mutation: Your muscles are very strong. (Str +4)
                  | [Jiyva's grace]
 11090 | D:13     | Gained mutation: Your gelatinous body deflects attacks. (AC
                  | +3, EV +3) [Jiyva's grace]
 11585 | Lair:1   | Entered Level 1 of the Lair of Beasts
 11605 | Lair:1   | Reached XP level 13. HP: 133/133 MP: 26/26
 11754 | Lair:1   | Reached skill level 10 in Spellcasting
 12002 | Lair:1   | Reached skill level 16 in Summonings
 12558 | Lair:2   | Lost mutation: You are very agile. (Dex +4) [Jiyva's grace]
 12558 | Lair:2   | Lost mutation: Your muscles are very strong. (Str +4)
                  | [Jiyva's grace]
 12558 | Lair:2   | Lost mutation: Your muscles are strong. (Str +2) [Jiyva's
                  | grace]
 12558 | Lair:2   | Lost mutation: Your gelatinous body deflects attacks. (AC
                  | +3, EV +3) [Jiyva's grace]
 12558 | Lair:2   | Lost mutation: Your pliable body absorbs attacks. (AC +2,
                  | EV +2) [Jiyva's grace]
 12558 | Lair:2   | Gained mutation: You are covered in slimy tendrils that may
                  | disarm your opponents. [Jiyva's grace]
 12558 | Lair:2   | Gained mutation: You are robust. (+10% HP) [Jiyva's grace]
 12558 | Lair:2   | Gained mutation: You are very robust. (+20% HP) [Jiyva's
                  | grace]
 12558 | Lair:2   | Gained mutation: You are extremely robust. (+30% HP)
                  | [Jiyva's grace]
 12836 | Lair:2   | Identified the +1 leather armour of Hoaf {Str-5 Int+5}
 13229 | Lair:3   | Found a staircase to the Snake Pit.
 13403 | Lair:3   | Found a staircase to the Swamp.
 14048 | Lair:3   | Lost mutation: Your melee attacks may engulf your foes in
                  | ooze. [Jiyva's grace]
 14048 | Lair:3   | Gained mutation: You have razor-sharp toenails. [Jiyva's
                  | grace]
 14048 | Lair:3   | Gained mutation: You have claws for feet. [Jiyva's grace]
 14048 | Lair:3   | Gained mutation: Your translucent skin slightly reduces
                  | your foes' accuracy. (Stealth+) [Jiyva's grace]
 14048 | Lair:3   | Gained mutation: Your translucent skin reduces your foes'
                  | accuracy. (Stealth+) [Jiyva's grace]
 15160 | Lair:5   | Reached skill level 1 in Evocations
 15160 | Lair:5   | Reached XP level 14. HP: 132/189 MP: 29/29
 15316 | Lair:5   | Reached skill level 17 in Summonings
 16133 | Lair:5   | Learned a level 4 spell: Animate Armour
 16143 | Lair:5   | Learned a level 9 spell: Dragon's Call
 16144 | Lair:6   | Entered Level 6 of the Lair of Beasts
 16144 | Lair:6   | Lost mutation: You are extremely robust. (+30% HP) [Jiyva's
                  | grace]
 16144 | Lair:6   | Gained mutation: Your muscles are strong. (Str +2) [Jiyva's
                  | grace]
 16144 | Lair:6   | Gained mutation: Your muscles are very strong. (Str +4)
                  | [Jiyva's grace]
 16144 | Lair:6   | Gained mutation: You have a small jelly attached to you
                  | that may absorb projectiles. [Jiyva's grace]
 16144 | Lair:6   | Lost mutation: You have claws for feet. [Jiyva's grace]
 16144 | Lair:6   | Lost mutation: You have razor-sharp toenails. [Jiyva's
                  | grace]
 16144 | Lair:6   | Lost mutation: You have sharp toenails. [Jiyva's grace]
 16144 | Lair:6   | Gained mutation: You have large cloven feet. [Jiyva's
                  | grace]
 16243 | Lair:6   | Found a viscous altar of Jiyva.
 16244 | Lair:6   | Found a staircase to the Slime Pits.
 16425 | Lair:6   | Found a gate leading to a gauntlet.
 16460 | Gauntlet | Entered a Gauntlet
 16460 | Gauntlet | Found a transporter.
 16460 | Gauntlet | Found a transporter.
 16478 | Gauntlet | Found a transporter.
 16483 | Gauntlet | Found a transporter.
 16490 | Gauntlet | Found a transporter.
 16494 | Gauntlet | Found a transporter.
 16505 | Gauntlet | Found a transporter.
 16519 | Gauntlet | Found a transporter.
 16533 | Gauntlet | Found a transporter.
 16537 | Gauntlet | Found a transporter.
 16545 | Gauntlet | Found a transporter.
 16549 | Gauntlet | Found a transporter.
 16662 | Gauntlet | Identified the amulet "Poakopn" {RegenMP Str-3 Int+4 SInv}
 16697 | Gauntlet | Identified the ring "Cuiciwn" {rElec AC+4}
 16717 | Gauntlet | Identified the +1 chain mail of Enkaom {MP+9}
 16732 | Gauntlet | Identified the +7 quick blade "Iteudakh" {protect, Fragile
                  | rN++}
 17085 | Lair:6   | Identified the +5 short sword of Spite {vorpal, Int+3}
 17200 | Lair:6   | Identified the +4 halberd "Jocomemi" {protect, Will+ Dex+2}
 17250 | Slime:1  | Entered Level 1 of the Pits of Slime
 17325 | Slime:1  | Noticed an acid blob
 17459 | Slime:2  | Noticed a rockslime
 17493 | Slime:2  | Noticed a quicksilver ooze
 17502 | Slime:2  | Noticed an azure jelly
 17691 | Slime:3  | Noticed a rockslime
 17714 | Slime:3  | Noticed an acid blob
 17743 | Slime:3  | Noticed an acid blob
 18037 | Slime:4  | Noticed a rockslime
 18037 | Slime:4  | Noticed an acid blob
 18056 | Slime:4  | Noticed a quicksilver ooze
 18071 | Slime:4  | Noticed an acid blob
 18092 | Slime:4  | Noticed Dissolution
 18095 | Slime:4  | Noticed an azure jelly
 18112 | Slime:4  | Noticed an acid blob
 18118 | Slime:4  | Noticed an acid blob
 18165 | Slime:4  | Noticed a rockslime
 18228 | Slime:5  | Entered Level 5 of the Pits of Slime
 18228 | Slime:5  | Noticed an acid blob
 18309 | Slime:5  | Noticed a quicksilver ooze
 18319 | Slime:5  | Noticed an acid blob
 18320 | Slime:5  | Noticed an acid blob
 18329 | Slime:5  | Noticed a quicksilver ooze
 18331 | Slime:5  | Noticed a quicksilver ooze
 18343 | Slime:5  | Noticed an acid blob
 18366 | Slime:5  | Noticed an acid blob
 18401 | Slime:5  | Noticed the Royal Jelly
 18418 | Slime:5  | Noticed an azure jelly
 18418 | Slime:5  | Noticed an azure jelly
 18419 | Slime:5  | Noticed an acid blob
 18420 | Slime:5  | Found a viscous altar of Jiyva.
 18427 | Slime:5  | Noticed an acid blob
 18435 | Slime:5  | Got a slimy rune of Zot
 18436 | Slime:5  | Identified the amulet "Tonwaz" {RegenMP rC++ Int+4}
 18440 | Slime:5  | Noticed an acid blob
 18450 | Slime:5  | Noticed a quicksilver ooze
 18469 | Slime:5  | Noticed an acid blob
 18471 | Slime:5  | Noticed a rockslime
 18488 | Slime:5  | Noticed an acid blob
 18508 | Slime:5  | Noticed an acid blob
 18567 | Slime:5  | Identified the +1 ice dragon scales "Cumnil" {Fly rF- rC++
                  | Str+4}
 18577 | Slime:5  | Noticed a rockslime
 18810 | Lair:6   | Reached XP level 15. HP: 190/190 MP: 18/31
 18956 | Lair:6   | Reached skill level 18 in Summonings
 19577 | Orc:1    | Entered Level 1 of the Orcish Mines
 20200 | Orc:2    | Entered Level 2 of the Orcish Mines
 20204 | Orc:2    | Found a transporter.
 20210 | Orc:2    | Noticed fragbeetle's ghost (journeyman DsGl)
 20575 | Orc:2    | Lost mutation: You are agile. (Dex +2) [Jiyva's grace]
 20575 | Orc:2    | Lost mutation: Your muscles are very strong. (Str +4)
                  | [Jiyva's grace]
 20575 | Orc:2    | Lost mutation: You passively dampen the noise of your
                  | surroundings. [Jiyva's grace]
 20575 | Orc:2    | Gained mutation: Your body has grown eyes which may confuse
                  | attackers. (Acc +3) [Jiyva's grace]
 20575 | Orc:2    | Gained mutation: Your body has grown many eyes which may
                  | confuse attackers. (Acc +5) [Jiyva's grace]
 20575 | Orc:2    | Gained mutation: Your body is covered in eyes which may
                  | confuse attackers. (Acc +7, SInv) [Jiyva's grace]
 20575 | Orc:2    | Gained mutation: You have hoof-like feet. [Jiyva's grace]
 20675 | Orc:2    | Found a staircase to the Elven Halls.
 20826 | Orc:2    | Reached skill level 5 in Evocations
 20826 | Orc:2    | Found Faptyiw's Magic Scroll Shop.
 20826 | Orc:2    | Found Sexta's Magic Scroll Shoppe.
 20886 | Orc:2    | Bought a scroll of magic mapping for 49 gold pieces
 20886 | Orc:2    | Bought a scroll of teleportation for 42 gold pieces
 20886 | Orc:2    | Bought a scroll of teleportation for 42 gold pieces
 20895 | Orc:2    | Bought a scroll of blinking for 135 gold pieces
 20895 | Orc:2    | Bought a scroll of teleportation for 54 gold pieces
 20951 | Orc:2    | Found Muisuri's Antique Armour Shop.
 20951 | Orc:2    | Found Pimn's Antique Weapon Shoppe.
 21093 | Orc:2    | Found a transporter.
 21490 | Snake:1  | Entered Level 1 of the Snake Pit
 21691 | Snake:1  | Found a frozen archway.
 21757 | IceCv    | Entered an ice cave
 21773 | IceCv    | Found a transporter.
 21782 | IceCv    | Found a transporter.
 22229 | Snake:1  | Reached XP level 16. HP: 142/208 MP: 9/33
 22285 | Snake:1  | Reached skill level 19 in Summonings
 22296 | Snake:1  | Identified the +10 trident of Moderation {speed, MP+9 Str+7
                  | Int-4 Dex+3}
 22318 | Snake:1  | Lost mutation: You are very robust. (+20% HP) [Jiyva's
                  | grace]
 22318 | Snake:1  | Lost mutation: You are robust. (+10% HP) [Jiyva's grace]
 22318 | Snake:1  | Lost mutation: Your translucent skin reduces your foes'
                  | accuracy. (Stealth+) [Jiyva's grace]
 22318 | Snake:1  | Gained mutation: You are partially covered in large bone
                  | plates. (SH +4) [Jiyva's grace]
 22318 | Snake:1  | Gained mutation: You are mostly covered in large bone
                  | plates. (SH +6) [Jiyva's grace]
 22318 | Snake:1  | Gained mutation: You are completely covered in large bone
                  | plates. (SH +8) [Jiyva's grace]
 22318 | Snake:1  | Gained mutation: Your melee attacks may engulf your foes in
                  | ooze. [Jiyva's grace]
 22432 | Snake:1  | Identified a scroll of acquirement
 22432 | Snake:1  | Acquired the ring of the Circus Animal {rPois Int+6}
 22707 | Snake:2  | Identified the +5 quarterstaff of Watchfulness {flame,
                  | rPois Will+ Str+4 Int+4}
 22761 | Snake:2  | Noticed Aizul
 22771 | Snake:2  | Killed Aizul
 22783 | Snake:2  | Identified the +1 cloak of Coboivaf {rCorr Int+2 Stlth+}
 22970 | Snake:2  | Reached skill level 15 in Fighting
 23003 | Snake:2  | Got Sif Muna's Catalogue of Envenoming and the Compass
 23080 | Snake:2  | Found a transporter.
 23085 | Snake:2  | Found a transporter.
 23086 | Snake:2  | Found a bloodstained altar of Trog.
 23087 | Snake:2  | Noticed Soawkar's ghost (adept GrFi)
 23552 | Snake:2  | HP: 20/176 [Soawkar's ghost (13)]
 23561 | Snake:2  | Killed Soawkar's ghost
 23809 | Snake:3  | Reached skill level 1 in Staves
 24357 | Snake:4  | Entered Level 4 of the Snake Pit
 24440 | Snake:4  | Noticed Saint Roka
 24459 | Snake:4  | Killed Saint Roka
 24460 | Snake:4  | Reached XP level 17. HP: 90/178 MP: 22/35
 24694 | Snake:4  | Lost mutation: Your body is covered in eyes which may
                  | confuse attackers. (Acc +7, SInv) [Jiyva's grace]
 24694 | Snake:4  | Lost mutation: You are covered in slimy tendrils that may
                  | disarm your opponents. [Jiyva's grace]
 24694 | Snake:4  | Gained mutation: You are covered in slimy tendrils that may
                  | disarm your opponents. [Jiyva's grace]
 24694 | Snake:4  | Gained mutation: Your flesh is cold resistant. (rC+)
                  | [Jiyva's grace]
 24694 | Snake:4  | Gained mutation: Your flesh is very cold resistant. (rC++)
                  | [Jiyva's grace]
 24694 | Snake:4  | Gained mutation: Your flesh is almost immune to the effects
                  | of cold. (rC+++) [Jiyva's grace]
 24802 | Snake:4  | Noticed Vashnia
 24850 | Snake:4  | HP: 12/185 [Vashnia/arrow (32)]
 24850 | Snake:4  | Shot with an arrow by a naga sharpshooter

Illustrated notes

Levels and vault maps discovered:
D:1:      minmay_arrival_five_plusses, layout_loops_cross,
          dreamdust_ecumenical_altar_grove, minmay_circled_x
D:2:      layout_rooms
D:3:      wad_pebble_path, layout_loops_corners, nicolae_overflow_crystal_walls
D:4:      layout_cave_pools, corexii_corridor_pit, minmay_hedge_maze,
          chequers_decorated_corner
D:5:      layout_loops_ring, mainiacjoe_overflow_six_doors_small,
          hangedman_decor_points
D:6:      layout_basic, serial_shops, nicolae_shop_trees,
          nicolae_concentric_dashed_squares_wild, small_statue_intersection
D:7:      layout_basic, nicolae_overflow_squiral,
          minmay_temple_entry_sparse_star, ebering_ghost_disaster_area,
          nicolae_shop_self_help
D:8:      layout_cave_pools, mainiacjoe_overflow_tiny_flanked,
          gammafunk_ghost_necromancy, minmay_fountain_box
D:9:      layout_gridville, zombieorc2_lemuel, uniq_psyche
D:10:     layout_layer_cave, regret_index_temple_of_mockery, ashenzari_altar_1,
          grunt_ministairs_5, minmay_misc_feat_rugged, nicolae_wooded_promenade,
          kennysheep_nub
D:11:     layout_cave_pools, lair_entry_dummy, special_room [special_room_bee],
          lightli_corner_chamber, uniq_harold
D:12:     layout_stronghold
D:13:     layout_basic, uniq_lodul
Lair:1:   layout_gridlike
Lair:2:   layout_loops_ring, grunt_megastairs_3
Lair:3:   layout_long_grid, skrybe_swamp_entry_bodies,
          minmay_snake_entry_guardpost_medium, serial_rivers,
          chequers_serial_rivers_marsh, chequers_serial_rivers_small_3,
          chequers_serial_rivers_room_a, chequers_serial_rivers_micro_a,
          chequers_serial_rivers_room_a, chequers_serial_rivers_small_3,
          st_stairs_9, beast_lair_carwin_3, lemuel_fruit_tree
Lair:4:   dpeg_oklob_gauntlet, layout_big_grid, roderic_carrion_pond
Lair:5:   layout_cave_pods, kennysheep_basilisk_garden,
          infiniplex_staircase_pool, grunt_megastairs_4
Lair:6:   evilmike_catoblepas_cave, layout_gridlike, slime_altar_1,
          gauntlet_entry_generic, grunt_megastairs_1, serial_bayou_shore_a
Snake:1:  layout_honeycomb, portal_ice_cave_entry_ice_statue_one,
          grunt_ministairs_8, nicolae_snake_snakewalk
Snake:2:  layout_layer_cave, gammafunk_ghost_wrathful_warriors, st_stairs_8,
          uniq_aizul
Snake:3:  layout_grid_shapes
Snake:4:  snake_pit_salamanders_mu, layout_chambers, minmay_shop_star,
          uniq_vashnia, uniq_saint_roka
Slime:1:  layout_caves
Slime:2:  layout_caves
Slime:3:  cheibrodos_slime_lost_civilization_10, layout_caves
Slime:4:  layout_caves, uniq_dissolution
Slime:5
Orc:1:    layout_caves
Orc:2:    st_orc_town, layout_caves, basic_altar, gammafunk_ghost_stat_death

Skill      XL: |  1  2  3  4  5  6  7  8  9 10 11 12 13 14 15 16 |
---------------+-------------------------------------------------+-----
Summonings     | 4 5 6 7 9 11 13 14 15 16 17 18 19 | 19.8
Spellcasting   | 3 4 5 7 9 11 12 13 14 | 14.3
Fighting       | 2 4 5 7 10 11 13 14 15 | 15.7
Dodging        | 2 3 5 |  5.5
Armour         | 3 5 |  5.5
Evocations     | 1 4 5 7 |  7.4
Staves         | 3 |  3.7
Stealth        | |  1.4

Action                   |  1- 3 |  4- 6 |  7- 9 | 10-12 | 13-15 | 16-18 || total
-------------------------+-------+-------+-------+-------+-------+-------++-------
Throw: Throwing net      |       |       |       |       |     1 |     1 ||     2
 Cast: Summon Small Mamm |    28 |       |     5 |     3 |       |       ||    36
       Call Imp          |    16 |    10 |    48 |    20 |       |       ||    94
       Call Canine Famil |       |     4 |    41 |    74 |    55 |       ||   174
       Summon Lightning  |       |       |     6 |    64 |    76 |     6 ||   152
       Summon Hydra      |       |       |       |       |   161 |    91 ||   252
Evoke: Wand              |       |       |       |       |     2 |       ||     2
  Use: Scroll            |       |       |       |    11 |    18 |     3 ||    32
       Potion            |       |       |       |     1 |     6 |     1 ||     8
Armor: Robe              |    43 |    10 |    11 |       |       |       ||    64
       Steam dragon scal |       |       |    31 |    79 |   163 |    21 ||   294
       Ice dragon scales |       |       |       |       |    15 |     5 ||    20
Dodge: Dodged            |    50 |    13 |    74 |   194 |   416 |    53 ||   800
Block: Other             |       |       |       |       |       |    56 ||    56

Table legend: (Time is in decaauts)
 A = Elapsed time spent in this place.
 B = Non-inter-level travel time spent in this place.
 C = Inter-level travel time spent in this place.
 D = Time resting spent in this place.
 E = Time spent auto-exploring this place.
 F = Levels seen in this place.
 G = Mean time per level.
                   A        B        C        D        E       F      G
               +--------+--------+--------+--------+--------+-----+--------+
         Total |  24911 |  23427 |   1484 |    570 |  15240 |  32 |  778.5 |
       Dungeon |  11976 |  11327 |    649 |    175 |   7668 |  13 |  921.2 |
          Lair |   6349 |   5964 |    385 |    268 |   3687 |   6 | 1058.2 |
     Snake Pit |   3305 |   3145 |    160 |     80 |   1813 |   4 |  826.2 |
    Slime Pits |   1392 |   1241 |    151 |     47 |   1158 |   5 |  278.4 |
  Orcish Mines |   1557 |   1418 |    139 |      0 |    812 |   2 |  778.5 |
      Ice Cave |     54 |     54 |      0 |      0 |      0 |   1 |   54.0 |
      Gauntlet |    275 |    275 |      0 |      0 |    102 |   1 |  275.0 |
               +--------+--------+--------+--------+--------+-----+--------+

Top non-repeatable levels by time:
    D:10: 1733 daAuts
  Lair:6: 1439 daAuts
    D:12: 1337 daAuts
  Lair:5: 1260 daAuts
  Lair:3: 1233 daAuts
 Snake:1: 1190 daAuts
    D:13: 1127 daAuts
     D:9: 1127 daAuts
   Orc:2: 1121 daAuts
     D:7: 1000 daAuts
 Snake:2: 899 daAuts
  Lair:1: 898 daAuts
     D:3: 880 daAuts
     D:1: 845 daAuts
     D:5: 806 daAuts
